 Dungeon Crawl Stone Soup version 0.30-a0-778-g2ef04afb54 (webtiles) character file.

Game seed: 10680690580265109925

1719 bmack86 the Cleaver (level 8, 0/71 HPs)
             Began as a Minotaur Fighter on Feb 14, 2023.
             Slain by a centaur (2 damage)
             ... on level 6 of the Dungeon on Feb 17, 2023.
             The game lasted 00:13:44 (4040 turns).

bmack86 the Cleaver (Minotaur Fighter)              Turns: 4040, Time: 00:13:45

Health: 0/71       AC:  2    Str: 24    XL:     8   Next: 75%
Magic:  7/7        EV: 14    Int:  5    God:
Gold:   196        SH:  6    Dex:  9    Spells: 7/7 levels left

rFire   . . .      SeeInvis .    a - +0 war axe
rCold   . . .      Faith    .    c - +1 buckler
rNeg    . . .      Spirit   .    b - +0 scale mail
rPois   .          Reflect  .    (helmet restricted)
rElec   .          Harm     .    p - scarf {repulsion}
rCorr   .          Rampage  .    s - +1 pair of gloves
Will    .....                    (no boots) Stlth
                                 (no amulet)
HPRegen 0.31/turn                g - +5 ring of evasion
MPRegen 0.10/turn                (no ring)

@: corroded, repel missiles
A: horns 2, retaliatory headbutt
a: no special abilities


You were on level 6 of the Dungeon.
You visited 1 branch of the dungeon, and saw 6 of its levels.

You collected 196 gold pieces.

Inventory:

Hand Weapons
 a - a +0 war axe (weapon)
Missiles
 n - 3 atropa-tipped darts
 u - a throwing net
 v - 3 poisoned darts (quivered)
Armour
 b - a +0 scale mail (worn)
 c - a +1 buckler (worn)
 k - a scarf of invisibility
 p - a scarf of repulsion (worn)
 s - a +1 pair of gloves (worn)
Jewellery
 g - a +5 ring of evasion (left hand)
Wands
 l - a wand of digging (6)
Scrolls
 m - a scroll of amnesia
 w - a scroll of fear
Potions
 d - 2 potions of might
 e - 2 potions of attraction
 f - 2 potions of brilliance
 h - 3 potions of curing
 i - a potion of heal wounds
 j - 2 potions of flight
 o - a potion of mutation
 q - a potion of magic
 z - a potion of berserk rage
Miscellaneous
 r - a piece from Xom's chessboard (15/15)


   Skills:
 + Level 6.6 Fighting
 * Level 8.5 Axes
 + Level 3.4 Throwing
 + Level 6.7 Armour
 + Level 6.7 Shields


You had 7 spell levels left.
You didn't know any spells.
Your spell library contained the following spells:

 Spells                   Type           Power      Damage    Failure   Level
 Shock                    Conj/Air       0%         1d3       83%         1
 Portal Projectile        Hex/Tloc       0%         N/A       99%         3
 Swiftness                Air            0%         N/A       99%         3
 Tukima's Dance           Hex            0%         N/A       99%         3
 Airstrike                Air            0%         2d(0-16)  100%        4
 Blade Hands              Tmut           0%         N/A       100%        5


Dungeon Overview and Level Annotations

Branches:
Dungeon (6/15)
 Temple: D:4-7

Altars:
Qazlal
Xom
Zin

Shops:
D:1 *   D:2 =   D:5 :


Innate Abilities, Weirdness & Mutations

You have a pair of horns on your head.
You reflexively headbutt those who attack you in melee.


Message History

The orc warrior is lightly wounded.
You hit the jelly. The acid corrodes you!
Your hands burn!
The centaur shoots an arrow.
The arrow completely misses you. The jelly hits you. The acid corrodes you!
You are splashed with acid!
The orc warrior closely misses you. You furiously retaliate!
You headbutt the orc warrior.
The centaur shoots an arrow.
You block the arrow.
You hit the orc warrior but do no damage.
The orc warrior is lightly wounded.
You slash the jelly!
You kill the jelly!
The centaur attacks as you move away!
The centaur unwields a +0 shortbow.
The centaur hits you.
The centaur kicks you but does no damage.
The centaur wields a +0 shortbow.
The centaur shoots an arrow.
The arrow barely misses you. Something hits you but does no damage.
A black bear comes into view.
The orc warrior misses you. You furiously retaliate!
You headbutt the orc warrior, but do no damage.
You miss something.
You hit the orc warrior but do no damage.
Something hits you. You block the orc warrior's attack.
The centaur unwields a +0 shortbow.
The centaur hits you. You block the centaur's attack.
You barely miss the centaur. You headbutt the centaur.
The centaur is moderately wounded.
You barely miss something.
You hit the orc warrior but do no damage.
The centaur hits you. The centaur kicks you. Something hits you.
The orc warrior hits you with a +0 short sword.
The centaur barely misses you. The centaur misses you.
The orc warrior hits you with a +0 short sword!
* * * LOW HITPOINT WARNING * * *
Something hits you.
* * * LOW HITPOINT WARNING * * *
You hit the centaur but do no damage. Your headbutt misses the centaur.
The centaur is moderately wounded.
You closely miss something. You hit the orc warrior. The centaur hits you.
* * * LOW HITPOINT WARNING * * *
The centaur kicks you.
You die...

###.#..)........###
#........>........##
#...###............# #
..............#...## .#
...##............#.##...
....###..#...##....c....
....##...#..####.##..?..
.#.......#.....)co.......
.<....##.#......@........
.......#.................
........##.....h.........
..).....................
)))...####....>......#..
...###.# ..#...######...
.##.. ## ...### ... .#
... ## ## .. ...#


You could see an orc warrior, a black bear and a centaur.

Vanquished Creatures
  Sigmund (D:2)
  Menkaure (D:5)
  An ice beast (D:5)
  A black bear (D:5)
  3 phantoms (D:5)
  2 scorpions (D:5)
  A howler monkey (D:3)
  2 centaur zombies (D:5)
  3 hounds
  3 orc priests
  3 jellies
  A bullfrog skeleton (D:5)
  Jessica (D:2)
  3 iguanas
  3 orc wizards
  A scorpion zombie (D:5)
  2 killer bee zombies (D:5)
  Robin (D:3)
  A howler monkey skeleton (D:5)
  8 gnolls
  7 adders
  2 white imps
  An ufetubus (D:4)
  A dart slug (D:2)
  14 orcs
  5 endoplasms
  3 giant cockroaches
  12 goblins
  6 hobgoblins
  3 jackals (D:1)
  9 kobolds
  3 quokkas
  5 ball pythons
  4 bats
  4 frilled lizards
  6 rats
  A butterfly (D:5)
128 creatures vanquished.

Vanquished Creatures (others)
  A withered plant (D:5)
1 creature vanquished.

Grand Total: 129 creatures vanquished

Notes
Turn   | Place    | Note
-------+----------+-------------------------------------------
     0 | D:1      | bmack86 the Minotaur Fighter began the quest for the Orb.
     0 | D:1      | Reached XP level 1. HP: 19/19 MP: 0/0
    70 | D:1      | Found a faded altar of an unknown god.
   150 | D:1      | Upgraded the game from 0.30-a0-777-ga9a30cbeda to
                  | 0.30-a0-778-g2ef04afb54
   213 | D:1      | Reached XP level 2. HP: 27/27 MP: 1/1
   295 | D:1      | Reached skill level 3 in Axes
   309 | D:1      | Found Tuadaodd's General Store.
   828 | D:2      | Noticed Jessica
   837 | D:2      | Reached XP level 3. HP: 33/33 MP: 2/2
   842 | D:2      | Killed Jessica
  1196 | D:2      | Reached XP level 4. HP: 40/40 MP: 3/3
  1201 | D:2      | Found Mowecs's Jewellery Boutique.
  1334 | D:2      | Noticed Sigmund
  1343 | D:2      | Killed Sigmund
  1344 | D:2      | Reached skill level 5 in Axes
  1344 | D:2      | Reached XP level 5. HP: 36/47 MP: 4/4
  1556 | D:2      | Reached XP level 6. HP: 23/55 MP: 5/5
  1881 | D:3      | Noticed Robin
  1894 | D:3      | Killed Robin
  1895 | D:3      | Reached skill level 5 in Armour
  1895 | D:3      | Reached skill level 5 in Shields
  1976 | D:3      | Reached skill level 5 in Fighting
  2429 | D:3      | Found a glowing silver altar of Zin.
  2652 | D:4      | Reached skill level 1 in Throwing
  2656 | D:4      | Reached skill level 6 in Axes
  2771 | D:4      | Reached XP level 7. HP: 49/61 MP: 6/6
  2985 | D:5      | Entered Level 5 of the Dungeon
  3015 | D:5      | Found a shimmering altar of Xom.
  3098 | D:5      | Found a stormy altar of Qazlal.
  3141 | D:5      | Reached skill level 7 in Axes
  3250 | D:5      | Reached XP level 8. HP: 70/70 MP: 7/7
  3307 | D:5      | Noticed Menkaure
  3319 | D:5      | Killed Menkaure
  3576 | D:5      | Reached skill level 8 in Axes
  3584 | D:5      | Found Regittet's Tremendous Tomes.
  4040 | D:6      | HP: 2/71 [centaur (5)]
  4040 | D:6      | Slain by a centaur

Illustrated notes

Levels and vault maps discovered:
D:1:      minmay_arrival_split_and_join, layout_loops_ring, serial_shops,
          nicolae_shop_advertising_works [nicolae_subvault_shop_adworks],
          ebering_ecumenical_altar_abandoned, reono_crystal_passage
D:2:      layout_loops_corners, serial_shops, shop, uniq_jessica, uniq_sigmund
D:3:      layout_basic, zin_statuary, uniq_robin
D:4:      layout_rooms
D:5:      layout_rooms, xom_butterflies, mainiacjoe_overflow_boulevard,
          serial_undead, serial_undead_e, serial_undead_a, serial_undead_c,
          serial_undead_c, minivault_26, nicolae_shop_i_like_big_books,
          uniq_menkaure
D:6:      nicolae_cairo_tiling, layout_cave_pools, minmay_temple_entry_glass,
          kennysheep_big_empty_room

Skill      XL: |  1  2  3  4  5  6  7  8 |
---------------+-------------------------+-----
Axes           | 3 5 6 7 8 |  8.5
Fighting       | 4 5 6 |  6.6
Armour         | 4 5 6 |  6.7
Shields        | 4 5 6 |  6.7
Throwing       | 1 2 3 |  3.4

Action                     |  1- 3 |  4- 6 |  7- 9 || total
---------------------------+-------+-------+-------++-------
  Melee: War axe           |    72 |    90 |   125 ||   287
         Headbutt          |     4 |    14 |    26 ||    44
    Use: Scroll            |     3 |     3 |     7 ||    13
 Armour: Scale mail        |    46 |    33 |    53 ||   132
  Dodge: Dodged            |    39 |    85 |   105 ||   229
         Repelled          |       |       |     2 ||     2
  Block: Buckler           |    18 |    25 |    42 ||    85

Table legend: (Time is in decaauts)
 A = Elapsed time spent in this place.
 B = Non-inter-level travel time spent in this place.
 C = Inter-level travel time spent in this place.
 D = Time resting spent in this place.
 E = Time spent auto-exploring this place.
 F = Levels seen in this place.
 G = Mean time per level.
                   A        B        C        D        E       F      G
               +--------+--------+--------+--------+--------+-----+--------+
         Total |   4111 |   3993 |    118 |    136 |   2481 |   6 |  685.2 |
       Dungeon |   4111 |   3993 |    118 |    136 |   2481 |   6 |  685.2 |
               +--------+--------+--------+--------+--------+-----+--------+

Top non-repeatable levels by time:
     D:2: 1007 daAuts
     D:5: 913 daAuts
     D:1: 840 daAuts
     D:3: 726 daAuts
     D:4: 474 daAuts
     D:6: 148 daAuts
